 Dungeon Crawl Stone Soup version 0.27-a0-95-g5a9077b8ae (webtiles) character file.

Game seed: 3728871235283335172

210 Foxy the Ruffian (level 5, 49/49 HPs)
             Began as a Troll Hedge Wizard on Jan 18, 2021.
             Quit the game on level 3 of the Dungeon.
             The game lasted 00:03:22 (1885 turns).

Foxy the Ruffian (Troll Hedge Wizard)               Turns: 1885, Time: 00:03:23

Health: 49/49      AC:  7    Str: 18    XL:     5   Next: 56%
Magic:  7/7        EV: 10    Int: 11    God:
Gold:   65         SH:  0    Dex:  9    Spells: 7/8 levels left

rFire    . . .     SeeInvis .     - Unarmed
rCold    . . .     Faith    .   (no shield)
rNeg     . . .     Spirit   .   b - +0 robe
rPois    .         Reflect  .   m - +1 hat
rElec    .         Harm     .   (no cloak)
rCorr    .         Rampage  .   (gloves unavailable)
Will     .....                  (boots unavailable)
Stlth    +.........             (no amulet)
HPRegen  0.56/turn              a - ring of flight
MPRegen  0.10/turn              (no ring)

@: no status effects
A: large, unfitting armour, claws 3, regeneration 1, shaggy fur 1, tough skin 3
a: Evoke Flight


You were on level 3 of the Dungeon.
You visited 1 branch of the dungeon, and saw 3 of its levels.

You collected 65 gold pieces.

Inventory:

Armour
 b - a +0 robe (worn)
 m - a +1 hat (worn)
Magical Staves
 o - an uncursed staff of cold
Jewellery
 a - a ring of flight (left claw)
Scrolls
 e - a scroll of fog {unknown}
 g - 2 scrolls of enchant armour {unknown}
 h - a scroll of identify {unknown}
Potions
 c - a potion of mutation {unknown}
 d - a potion of lignification {unknown}
 f - 4 potions of brilliance {unknown}
 i - 2 potions of ambrosia {unknown}
 j - a potion of berserk rage {unknown}
 k - 3 potions of haste {unknown}
 l - a potion of magic {unknown}
 n - a potion of resistance {unknown}
 p - a potion of degeneration {unknown}


   Skills:
 + Level 2.0 Fighting
 + Level 2.7 Dodging
 - Level 1.0 Stealth
 * Level 3.7 Unarmed Combat
 - Level 2.0 Spellcasting
 - Level 0.6 Conjurations
 - Level 0.6 Summonings
 - Level 0.6 Translocations


You had 7 spell levels left.
You knew the following spells:

 Your Spells              Type           Power        Failure   Level
a - Magic Dart            Conj           8%           22%         1

Your spell library contained the following spells:

 Spells                   Type           Power        Failure   Level
 Blink                    Tloc           N/A          34%         2
 Call Imp                 Summ           2%           34%         2
 Slow                     Hex            1%           41%         2
 Conjure Flame            Conj/Fire      1%           61%         3
 Mephitic Cloud           Conj/Pois/Air  1%           63%         3


Dungeon Overview and Level Annotations

Branches:
Dungeon (3/15)

Altars:


Innate Abilities, Weirdness & Mutations

You are too large for most types of armour.
You have claws for hands.
Your natural rate of healing is unusually fast.
You are covered in fur. (AC +1)
You have extremely tough skin. (AC +3)


Message History

A goblin comes into view. It is wielding a -1 club.
A goblin is nearby!
A goblin is nearby!
The goblin shouts!
You claw the goblin!
You kill the goblin!
Your Fighting skill increases to level 2!
No target in view!
No target in view!
No target in view!
No target in view!
No target in view!
No target in view!
No target in view!
No target in view!
No target in view!
No target in view!
No target in view!
No target in view!
Are you sure you want to abandon this character and quit the game? (Confirm with "yes".)

######### #.......#
#.#####.# #.# #.# ###
######.#####.######
##.###...................
#.#....####.##)@..#######
##.##### #.#.....# #.#
#.##....# #.# #.......#
#.# #####.### #.# #.# #.#
#+# #.###### #..†...#


There were no monsters in sight!

Vanquished Creatures
  A bullfrog (D:3)
  6 adders
  2 oozes
  3 worms
  2 leopard geckos
  4 orcs (D:3)
  7 bats
  4 giant cockroaches
  8 goblins
  9 hobgoblins
  5 jackals
  2 ball pythons
  5 frilled lizards
  8 kobolds
  3 rats
69 creatures vanquished.

Notes
Turn   | Place    | Note
-------+----------+-------------------------------------------
     0 | D:1      | Foxy the Troll Hedge Wizard began the quest for the Orb.
     0 | D:1      | Reached XP level 1. HP: 16/16 MP: 2/2
   117 | D:1      | Reached skill level 1 in Unarmed Combat
   119 | D:1      | Reached XP level 2. HP: 26/26 MP: 4/4
   529 | D:1      | Reached XP level 3. HP: 32/32 MP: 5/5
   735 | D:2      | Reached skill level 1 in Fighting
   735 | D:2      | Reached skill level 2 in Unarmed Combat
   894 | D:2      | Reached XP level 4. HP: 41/41 MP: 6/6
  1381 | D:3      | Reached skill level 3 in Unarmed Combat
  1503 | D:3      | Reached XP level 5. HP: 46/48 MP: 7/7
  1885 | D:3      | Quit the game

Illustrated notes

Levels and vault maps discovered:
D:1:      minmay_arrival_plants_in_alcoves, layout_loops_ring,
          minmay_split_cup_small
D:2:      layout_basic
D:3:      layout_loops_corners

Skill      XL: |  1  2  3  4  5 |
---------------+----------------+-----
Unarmed Combat | 1 2 3 |  3.7
Dodging        | 2 |  2.7
Fighting       | 1 2 |  2.0
Stealth        | |  1.0
Spellcasting   | |  2.0
Conjurations   | |  0.6
Summonings     | |  0.6
Translocations | |  0.6

Action                   |  1- 3 |  4- 6 || total
-------------------------+-------+-------++-------
Melee: Unarmed           |   125 |   103 ||   228
       Punch             |     1 |     1 ||     2
 Stab: Sleeping          |     1 |     1 ||     2
Armor: Robe              |    58 |    47 ||   105
Dodge: Dodged            |    70 |    48 ||   118

Table legend: (Time is in decaauts)
 A = Elapsed time spent in this place.
 B = Non-inter-level travel time spent in this place.
 C = Inter-level travel time spent in this place.
 D = Time resting spent in this place.
 E = Time spent auto-exploring this place.
 F = Levels seen in this place.
 G = Mean time per level.
                   A        B        C        D        E       F      G
               +--------+--------+--------+--------+--------+-----+--------+
         Total |   1872 |   1830 |     42 |      0 |   1379 |   3 |  624.0 |
       Dungeon |   1872 |   1830 |     42 |      0 |   1379 |   3 |  624.0 |
               +--------+--------+--------+--------+--------+-----+--------+

Top non-repeatable levels by time:
     D:1: 650 daAuts
     D:2: 619 daAuts
     D:3: 602 daAuts
